 Dungeon Crawl Stone Soup version 0.22-a0-246-gdc04c06 (webtiles) character file.

15830 KristoblXynda the Grappler (level 12, -2/104 HPs)
             Began as a Pale Draconian Monk on Feb 22, 2018.
             Was a High Priest of Ru.
             Slain by a wolf spider zombie (15 damage)
             ... on level 12 of the Dungeon on Feb 23, 2018.
             The game lasted 00:26:04 (12949 turns).

KristoblXynda the Grappler (Pale Draconian Monk)   Turns: 12949, Time: 00:26:05

Health: -2/104     AC: 14    Str: 15    XL:     12   Next: 4%
Magic:  16/16      EV: 11    Int: 14    God:    Ru [*****.]
Gold:   648        SH:  0    Dex: 14    Spells: 11/11 levels left

rFire    . . .     SeeInvis +     - Unarmed
rCold    . . .     Gourm    .   (no shield)
rNeg     . . .     Faith    .   (armour unavailable)
rPois    .         Spirit   .   (helmet restricted)
rElec    .         Reflect  .   r - +1 cloak (curse)
rCorr    .         Harm     .   q - +1 pair of gloves
MR       .....                  (no boots)
Stlth    ++........             (no amulet)
HPRegen  0.27/turn              m - ring of see invisible
MPRegen  0.15/turn              t - +2 ring of protection

@: about to teleport, very slightly contaminated
A: breathe steam, unfitting armour, cold-blooded, hated by all, inability to
train dodging, unskilled 1, AC +8
a: Breathe Steam, Draw Out Power, Power Leap, Apocalypse, Renounce Religion


You were on level 12 of the Dungeon.
You worshipped Ru.
Ru was extremely pleased with you.
You were not hungry.

You visited 2 branches of the dungeon, and saw 13 of its levels.

You collected 778 gold pieces.
You spent 130 gold pieces at shops.

Inventory:

Armour
 q - a +1 pair of gloves (worn)
 r - a cursed +1 cloak (worn)
Jewellery
 f - an uncursed ring of flight
 i - an uncursed ring of protection from fire
 k - a +2 ring of intelligence
 m - a ring of see invisible (left hand)
 t - a +2 ring of protection (right hand)
 E - an uncursed amulet of magic regeneration {unknown}
Wands
 s - a wand of paralysis (10)
 y - a wand of digging (8)
Scrolls
 b - 8 scrolls of enchant weapon
 d - 2 scrolls of fear
 h - 4 scrolls of teleportation
 j - 5 scrolls of remove curse
 p - 4 scrolls of fog
 C - a scroll of amnesia
Potions
 c - 2 potions of flight
 g - 3 potions of brilliance
 l - 4 potions of mutation {unknown}
 n - 2 potions of curing
 o - a potion of agility
 v - a potion of ambrosia
 w - 3 potions of lignification
 z - a potion of cancellation
 A - a potion of degeneration {unknown}
 B - a potion of might
 D - a potion of resistance
Comestibles
 a - 22 rations


   Skills:
 + Level 9.0 Fighting
 - Level 2.9 Throwing
   Level 0.0 Dodging
 - Level 1.5 Stealth
 + Level 13.3 Unarmed Combat
 + Level 6.6 Evocations


You had 11 spell levels left.
You didn't know any spells.

Dungeon Overview and Level Annotations

Branches:
Dungeon (12/15)            Temple (1/1) D:7            Lair (0/6) D:10
    Orc (0/2) D:9

Altars:
Ashenzari
Cheibriados
Dithmenos
Elyvilon
Fedhas
Gozag
Hepliaklqana
Kikubaaqudgha
Makhleb
Nemelex Xobeh
Okawaru
Qazlal
Ru
Sif Muna
Trog
Uskayaw
Vehumet
Wu Jian
Xom
Yredelemnul
Zin
The Shining One

Shops:
D:4 :   D:8 :=%!


Innate Abilities, Weirdness & Mutations

You can breathe blasts of scalding, opaque steam.
Your pale cyan-grey scales are hard. (AC +8)
You cannot fit into any form of body armour.
You are cold-blooded and may be slowed by cold attacks.
You are hated by all.
You cannot train Dodging skill.
You are somewhat unskilled. (-1 Apt)


Message History

The wolf spider zombie bites you!
* * * LOW HITPOINT WARNING * * *
You feel better.
The wolf spider zombie completely misses you.
The wolf spider zombie bites you.
* * * LOW HITPOINT WARNING * * *
Blink to where?
Press: ? - help, Dir - move target cursor You are very lightly contaminated with residual magic.
As you read the scroll of blinking, it crumbles to dust.
Unknown command.
Firing (i - inventory) No suitable missiles.
Press: ? - help, Shift-Dir - straight line, f - wolf spider zombie
Aim: a wolf spider zombie (severely damaged)
Okay, then.
As you read the scroll of teleportation, it crumbles to dust.
You feel strangely unstable.
The wolf spider zombie is stunned by your will and fails to attack.
The wolf spider zombie hits you!
You die...

#.##.. #.#
#.....#.......#.# #..
..D
#..########.#.#####.# ..
b#) ..#...............#
.....>>..#.#######
#.......#.# #..####.#.#
##..†.b#.#..
##...##.#.###
##...@##.#<#
##.....Zb.#.#
##..###.#######
...............
.######.################
......†[)..†.)(..(......
.###..).).#############.
#....(.....#
#..........#


You could see a fire bat and a wolf spider zombie.

Vanquished Creatures
  Erolcha (D:9)
  A fire dragon (D:12)
  A two-headed ogre (D:8)
  The ghost of KristoblXynda the Spear-Bearer, a novice DrFi of Ru (D:8)
  2 ugly things (D:11)
  A manticore (D:11)
  A gargoyle (D:11)
  A hornet (D:10)
  3 trolls
  A hornet (shapeshifter) (D:10)
  Grinder (D:6)
  4 hippogriffs
  A wyvern (D:11)
  2 basilisks (D:10)
  3 fire bats (D:12)
  12 yaks
  A hungry ghost (D:7)
  2 soldier ants (D:10)
  2 water moccasins (D:7)
  A porcupine (D:10)
  7 orc warriors
  An ice beast (D:9)
  An eye of draining (D:11)
  2 sky beasts
  A necrophage (D:6)
  2 phantoms (D:7)
  10 ogres
  5 centaurs
  3 crocodiles
  4 big kobolds
  9 bullfrogs
  A gnoll sergeant (D:9)
  A wyvern skeleton (D:6)
  5 scorpions
  12 killer bees
  3 wights
  3 electric eels (D:11)
  A howler monkey (D:5)
  2 crimson imps
  A bullfrog zombie (D:12)
  2 bullfrog skeletons
  A centaur skeleton (D:6)
  4 orc priests
  A gnoll shaman (D:8)
  9 hounds
  2 jellies
  9 orc wizards
  4 iguanas
  Terence (D:3)
  Natasha (thrice) (D:3)
  6 worker ants
  A killer bee zombie (D:8)
  A hound zombie (D:7)
  A hound skeleton (D:10)
  A worker ant zombie (D:10)
  14 adders
  13 gnolls
  3 shadow imps
  An adder skeleton (D:8)
  3 worms
  2 dart slugs
  6 leopard geckos
  50 orcs
  8 giant cockroaches
  6 goblins
  4 hobgoblins
  11 jackals
  8 quokkas
  4 ball pythons
  A ball python zombie (D:5)
  8 bats
  8 frilled lizards
  15 kobolds
  A leopard gecko skeleton (D:4)
  A quokka zombie (D:6)
  8 rats
337 creatures vanquished.

Vanquished Creatures (others)
  A two-headed ogre (D:11)
  A bush (D:10)
  3 fungi (D:10)
  10 plants (D:10)
15 creatures vanquished.

Grand Total: 352 creatures vanquished

Notes
Turn   | Place    | Note
-------+----------+-------------------------------------------
     0 | D:1      | KristoblXynda the Draconian Monk began the quest for the Orb.
     0 | D:1      | Reached XP level 1. HP: 19/19 MP: 1/1
   236 | D:1      | Reached XP level 2. HP: 23/26 MP: 2/2
   960 | D:2      | Reached XP level 3. HP: 31/31 MP: 3/3
   970 | D:2      | Reached skill level 4 in Unarmed Combat
  1166 | D:2      | Reached XP level 4. HP: 30/38 MP: 4/4
  1378 | D:2      | Found a blossoming altar of Fedhas.
  1503 | D:3      | Noticed Natasha
  1519 | D:3      | Killed Natasha
  1587 | D:3      | Reached skill level 5 in Unarmed Combat
  1649 | D:3      | Reached XP level 5. HP: 28/45 MP: 5/5
  1918 | D:3      | Found a basalt altar of Yredelemnul.
  1973 | D:3      | Noticed Terence
  1997 | D:3      | Killed Terence
  2020 | D:3      | Found an opulent altar of Gozag.
  2052 | D:3      | Noticed Natasha
  2195 | D:3      | Killed Natasha
  2404 | D:3      | Noticed Natasha
  2418 | D:3      | Killed Natasha
  2963 | D:4      | Reached XP level 6. HP: 51/51 MP: 6/6
  2986 | D:4      | Reached skill level 6 in Unarmed Combat
  3018 | D:4      | Found Ruvaibbu's Book Boutique.
  3458 | D:4      | Your scales start taking on a pale cyan-grey colour.
  3458 | D:4      | Reached XP level 7. HP: 40/57 MP: 7/7
  3692 | D:4      | Reached skill level 7 in Unarmed Combat
  3781 | D:5      | Entered Level 5 of the Dungeon
  3971 | D:5      | Reached skill level 5 in Dodging
  4019 | D:5      | Reached skill level 8 in Unarmed Combat
  4343 | D:5      | Reached XP level 8. HP: 63/63 MP: 8/8
  4807 | D:6      | Reached skill level 9 in Unarmed Combat
  4867 | D:6      | Found a stormy altar of Qazlal.
  4867 | D:6      | Found a burning altar of Makhleb.
  4867 | D:6      | Found an ornate altar of the Wu Jian Council.
  4903 | D:6      | Found a shadowy altar of Dithmenos.
  4906 | D:6      | Noticed Grinder
  4929 | D:6      | Killed Grinder
  5081 | D:6      | Found a snail-covered altar of Cheibriados.
  5282 | D:7      | Reached skill level 10 in Unarmed Combat
  5284 | D:7      | Reached XP level 9. HP: 54/70 MP: 9/9
  5289 | D:7      | Found an iron altar of Okawaru.
  5562 | D:7      | Found a staircase to the Ecumenical Temple.
  5599 | Temple   | Entered the Ecumenical Temple
  5635 | Temple   | Became a worshipper of Ru the Awakened
  5654 | Temple   | Gained mutation: You cannot train Dodging skill. [Ru sacrifice]
  5654 | Temple   | Reached * piety under Ru
  5654 | Temple   | Reached ** piety under Ru
  5695 | D:7      | Reached skill level 1 in Throwing
  5959 | D:7      | Reached skill level 11 in Unarmed Combat
  6588 | D:7      | Found a radiant altar of Vehumet.
  6769 | D:8      | Found Ocuabawn's Jewellery Shoppe.
  6775 | D:8      | Found Keacyzoag's Book Shoppe.
  6779 | D:8      | Noticed KristoblXynda's ghost (novice DrFi)
  6792 | D:8      | Killed KristoblXynda's ghost
  6906 | D:8      | Found a hazy altar of Hepliaklqana.
  6935 | D:8      | Noticed a two-headed ogre
  6951 | D:8      | Killed a two-headed ogre
  6951 | D:8      | Reached skill level 5 in Fighting
  6951 | D:8      | Reached skill level 12 in Unarmed Combat
  6951 | D:8      | Reached XP level 10. HP: 25/81 MP: 10/10
  7353 | D:8      | Found Ceolew's Food Boutique.
  7371 | D:8      | Found Gisarykid's Distillery.
  7487 | D:8      | Bought 2 potions of heal wounds for 130 gold pieces
  8096 | D:9      | Noticed a dagger
  8096 | D:9      | Noticed a hand axe
  8099 | D:9      | Found a hide-covered altar of Uskayaw.
  8254 | D:9      | Noticed Erolcha
  8272 | D:9      | Killed Erolcha
  8439 | D:9      | Reached skill level 13 in Unarmed Combat
  8651 | D:9      | Found a shattered altar of Ashenzari.
  8705 | D:9      | Reached skill level 1 in Evocations
  8826 | D:9      | Found a staircase to the Orcish Mines.
  9098 | D:9      | Gained mutation: You are hated by all. [Ru sacrifice]
  9098 | D:9      | Reached *** piety under Ru
  9324 | D:10     | Entered Level 10 of the Dungeon
  9331 | D:10     | Reached XP level 11. HP: 92/92 MP: 13/13
  9337 | D:10     | You fall through a shaft!
 10155 | D:10     | Found a staircase to the Lair.
 10299 | D:10     | Reached skill level 5 in Evocations
 11403 | D:11     | Noticed a brown ugly thing
 11416 | D:11     | Killed a brown ugly thing
 11450 | D:11     | Noticed a green ugly thing
 11492 | D:11     | Killed a green ugly thing
 11813 | D:11     | Reached skill level 14 in Unarmed Combat
 12109 | D:11     | Gained mutation: You are somewhat unskilled. (-1 Apt) [Ru sacrifice]
 12109 | D:11     | Reduced skill Unarmed Combat to level 13
 12109 | D:11     | Reduced skill Evocations to level 5
 12109 | D:11     | Reached **** piety under Ru
 12109 | D:11     | Reached ***** piety under Ru
 12173 | D:11     | Noticed a two-headed ogre
 12185 | D:11     | Killed a two-headed ogre
 12839 | D:12     | Noticed a fire dragon
 12840 | D:12     | Found the +7 great mace "Firestarter" {inner flame, rF++}
 12913 | D:12     | Killed a fire dragon
 12913 | D:12     | Reached XP level 12. HP: 50/103 MP: 16/16
 12949 | D:12     | Slain by a wolf spider zombie

Vault maps used:
D:1:      co_arrival_square_in_a_square_in_a_square
D:2:      lemuel_coloured_pillars_altar
D:3:      grunt_gozag_statues, lemuel_doored_altar, uniq_natasha, uniq_terence
D:4:      serial_shops, kennysheep_mini_moat, hangedman_abyss_or_decor_stabs
D:5:      first_ration
D:6:      slow_altar_2, gammafunk_temple_overflow_claw, basic_altar,
          uniq_grinder
D:7:      marbit_many_paths, nicolae_overflow_crystal_walls,
          minmay_temple_entry_statues_pillars, minivault_14
D:8:      old_standard_altar, serial_shops, nicolae_shop_crystal, shop,
          nicolae_shop_window_shopping, shop
D:9:      evilmike_ruin_ashenzari, dancing_weapons_uskayaw,
          kennysheep_orc_monster_closet_entryway, uniq_erolcha
D:10:     minmay_lair_entry_grove, hangedman_pestilent_swarm
D:12:     minmay_firetagon, serial_shops, shop, uniq_snorg
Temple:   cyrus_temple_forest

Skill      XL: |  1  2  3  4  5  6  7  8  9 10 11 12 |
---------------+-------------------------------------+-----
Dodging        | 3 4 5 6 0 |  0.0
Unarmed Combat | 4 5 6 8 10 12 13 13 | 13.3
Throwing       | 3 2 |  2.9
Fighting       | 5 7 8 9 |  9.0
Evocations     | 3 6 |  6.6
Stealth        | |  1.5

Action                   |  1- 3 |  4- 6 |  7- 9 | 10-12 || total
-------------------------+-------+-------+-------+-------++-------
Melee: Unarmed           |   149 |   210 |   298 |   519 ||  1176
       Tailslap          |    19 |    24 |    29 |    67 ||   139
       Punch             |     3 |     5 |    15 |    31 ||    54
Invok: Sacrifice Nimblen |       |       |     1 |       ||     1
       Sacrifice Love    |       |       |       |     1 ||     1
       Sacrifice Skill   |       |       |       |     1 ||     1
 Abil: Breathe Steam     |       |       |    17 |    26 ||    43
Evoke: Wand              |       |       |     2 |     4 ||     6
       Phial of floods   |       |       |       |     1 ||     1
  Use: Scroll            |       |     5 |    11 |    11 ||    27
       Potion            |       |     2 |     1 |     5 ||     8
 Stab: Sleeping          |     2 |    10 |     3 |     4 ||    19
       Invisible         |       |       |       |     7 ||     7
       Distracted        |       |       |       |     4 ||     4
       Paralysed         |       |       |       |     4 ||     4
  Eat: Chunk             |     1 |     4 |     7 |    14 ||    26
       Ration            |       |     1 |     2 |     3 ||     6
Armor: Skin              |    57 |    55 |    93 |   181 ||   386
Dodge: Dodged            |   112 |   136 |   170 |   240 ||   658

Table legend:
 A = Spawn XP
 B = Non-spawn XP
 C = Spawn XP percentage of total XP
 D = Spawn monster count
 E = Non-spawn monster count
 F = Spawn count percentage of total count
 G = Total turns spent on level
                    A         B        C        D         E        F      G
               +---------+---------+-------+---------+---------+-------+---------
         Total |       0 |   22615 |   0.0 |       0 |     338 |   0.0 | 12949
               +---------+---------+-------+---------+---------+-------+---------
           D:1 |       0 |      29 |   0.0 |       0 |      18 |   0.0 |   913
           D:2 |       0 |      88 |   0.0 |       0 |      29 |   0.0 |   553
           D:3 |       0 |     240 |   0.0 |       0 |      28 |   0.0 |  1492
           D:4 |       0 |     528 |   0.0 |       0 |      17 |   0.0 |   823
           D:5 |       0 |     695 |   0.0 |       0 |      25 |   0.0 |   761
           D:6 |       0 |     695 |   0.0 |       0 |      13 |   0.0 |   590
           D:7 |       0 |    2349 |   0.0 |       0 |      39 |   0.0 |  1545
           D:8 |       0 |    2155 |   0.0 |       0 |      20 |   0.0 |  1148
           D:9 |       0 |    4081 |   0.0 |       0 |      57 |   0.0 |  1411
          D:10 |       0 |    4896 |   0.0 |       0 |      46 |   0.0 |  1940
          D:11 |       0 |    4182 |   0.0 |       0 |      30 |   0.0 |  1511
          D:12 |       0 |    2677 |   0.0 |       0 |      16 |   0.0 |   174
               +---------+---------+-------+---------+---------+-------+---------
